 Dungeon Crawl Stone Soup version 0.29.0-5-ge4962eb29e (webtiles) character file.

Game seed: 11728459019664575633

107844 LustLizard the Unforgettable (level 17, -7/94 HPs)
             Began as a Djinni Ice Elementalist on Aug 28, 2022.
             Was the Champion of Hepliaklqana.
             Killed from afar by a swamp worm (14 damage)
             ... with a harpoon shot
             ... on level 2 of the Swamp on Aug 29, 2022.
             The game lasted 01:55:09 (25287 turns).

LustLizard the Unforgettable (DjIE)                Turns: 25287, Time: 01:55:09

Health: -7/94      AC: 15    Str:  9    XL:     17   Next: 3%
Gold:   1674       EV: 14    Int: 25    God:    Hepliaklqana [******] SH: 10 Dex: 19

rFire   + + +      SeeInvis .   K - +9 quick blade
rCold   + + .      Faith    .   H - +3 buckler "Siustrain" {Drain rF+ rC+++ Int+3}
rNeg    + . .      Spirit   .   G - +4 ring mail "Zasixena" {rElec Regen+ Int-2}
rPois   ∞          Reflect  .   u - +2 helmet
rElec   +          Harm     .   (no cloak)
rCorr   .          Rampage  .   P - +2 pair of gloves
Will    +....                   (boots unavailable)
Stlth   +++.......              Z - amulet of regeneration
HPRegen 1.85/turn               Y - ring of Light {rF+ rN+ EV+4 Stlth+}
MPRegen 0.00/turn               L - ring "Qikofuilep" {Contam +Blink rElec Dex+6}

@: flying, studying Shields
A: reduced essence, sickness immunity, fire resistance 2, cold vulnerability 1,
float, innate caster, HP casting, extra vitality 1
a: Renounce Religion, Evoke Blink, Recall Ancestor, Ancestor Identity,
Transference, Idealise


You were on level 2 of the Swamp.
You worshipped Hepliaklqana.
Hepliaklqana was exalted by your worship.
You visited 4 branches of the dungeon, and saw 22 of its levels.
You also visited: Sewer, Ossuary, Bailey and Gauntlet.

You collected 2312 gold pieces.
You spent 638 gold pieces at shops.

Inventory:

Hand Weapons
 K - a +9 quick blade (weapon)
Missiles
 h - 25 boomerangs
 I - 36 poisoned darts (quivered)
 O - 2 throwing nets
Armour
 a - the +1 pair of gloves of the Dungeon {*Slow Will+ Str+3 Stlth+}
   (You found it in a Gauntlet)

   Str:       It affects your strength (+3).
   *Slow:     It may slow you when you take damage.
   Will:      It increases your willpower.
   Stlth:     It makes you more stealthy.
 u - a +2 helmet (worn)
 G - the +4 ring mail "Zasixena" (worn) {rElec Regen+ Int-2}
   (You took it off an orc on level 7 of the Dungeon)

   Int:       It affects your intelligence (-2).
   rElec:     It insulates you from electricity.
   Regen:     It increases your rate of health regeneration.
 H - the +3 buckler "Siustrain" (worn) {Drain rF+ rC+++ Int+3}
   (You acquired it on level 6 of the Dungeon)

   Int:       It affects your intelligence (+3).
   rF:        It protects you from fire.
   rC:        It renders you almost immune to cold.
   Drain:     It drains your maximum health when unequipped.
 P - a +2 pair of gloves (worn)
Jewellery
 e - a ring of resist corrosion
 f - a ring of positive energy
 L - the ring "Qikofuilep" (right hand) {Contam +Blink rElec Dex+6}
   (You acquired it on level 6 of the Dungeon)

   [ring of dexterity]

   Dex:       It affects your dexterity (+6).
   rElec:     It insulates you from electricity.
   +Blink:    It lets you blink.
   Contam:    It causes magical contamination when unequipped.
 M - a ring of protection from fire
 N - a ring of wizardry
 Y - the ring of Light (left hand) {rF+ rN+ EV+4 Stlth+}
   (You took it off a necromancer on level 5 of the Lair of Beasts)

   [ring of evasion]

   EV:        It affects your evasion (+4).
   rF:        It protects you from fire.
   rN:        It protects you from negative energy.
   Stlth:     It makes you more stealthy.
 Z - an amulet of regeneration (around neck)
Wands
 l - a wand of acid (7)
 s - a wand of charming (14)
 v - a wand of mindburst (42)
 F - a wand of digging (9)
 J - a wand of roots (26)
 S - a wand of flame (8)
Scrolls
 b - 2 scrolls of blinking
 d - 5 scrolls of immolation
 g - 5 scrolls of identify
 i - 10 scrolls of teleportation
 n - 8 scrolls of butterflies
 o - a scroll of torment
 q - 4 scrolls of fear
 r - 4 scrolls of enchant weapon
 x - a scroll of silence
 y - 7 scrolls of enchant armour
 Q - 3 scrolls of magic mapping
Potions
 c - 4 potions of haste
 j - 13 potions of curing
 k - 3 potions of berserk rage
 m - 5 potions of brilliance
 p - 2 potions of invisibility
 t - 6 potions of ambrosia
 w - 3 potions of mutation
 z - a potion of resistance
 T - 3 potions of heal wounds
 U - a potion of might
Miscellaneous
 A - a phantom mirror
 B - a piece from Xom's chessboard (15/15)
 R - a box of beasts
 V - a condenser vane
 X - a condenser vane


   Skills:
 + Level 4.5 Fighting
 * Level 8.6 Short Blades
 - Level 3.0 Throwing
 - Level 2.1 Dodging
 - Level 4.0 Stealth
 * Level 10.3 Shields
 * Level 12.5 Spellcasting
 * Level 14.7 Invocations
 * Level 14.7 Evocations


You couldn't memorise any spells.
You knew the following spells:

 Your Spells              Type           Power      Damage    Failure   Level
a - Freeze                Ice            100%       1d11      1%          1
b - Frozen Ramparts       Ice            100%       1d16      1%          3
c - Ozocubu's Armour      Ice            67%        N/A       1%          3
d - Hailstorm             Conj/Ice       67%        3d14      1%          4
e - Apportation           Tloc           100%       N/A       1%          1
f - Ensorcelled Hibernat  Hex/Ice        100%       N/A       1%          2
g - Call Canine Familiar  Summ           67%        N/A       1%          3
h - Corpse Rot            Necr/Pois/Air  67%        N/A       1%          4
i - Fireball              Conj/Fire      33%        3d14      2%          5
j - Alistair's Intoxicat  Tmut/Pois      44%        N/A       2%          5
k - Starburst             Conj/Fire      33%        6d10      12%         6
l - Eringya's Noxious Bo  Tmut/Pois      33%        N/A       12%         6
Your spell library was empty.

Dungeon Overview and Level Annotations

Branches:
Dungeon (13/15)            Temple (0/1) D:5            Lair (5/5) D:8
  Swamp (2/4) Lair:2        Snake (0/4) Lair:3          Orc (2/2) D:10
    Elf (0/3) Orc:2         Sewer (visited)         Ossuary (visited)
 Bailey (visited)         Gauntlet (visited)
  Slime: Lair:4-5    Vaults: D:13-14

Altars:
Hepliaklqana
Nemelex Xobeh
Ru
Trog
Uskayaw
Wu Jian
Jiyva

Shops:
D:4 :   D:5 *   D:6 *?   D:12 :   Orc:2 =[:[

Annotations:
D:12 3 runed translucent doors, Bigduke14's ghost, journeyman DjCj
Lair:4 exclusion: 2 oklob plants
Lair:5 exclusion: obsidian statue


Innate Abilities, Weirdness & Mutations

Your life essence is reduced to manifest your ancestor. (-10% HP)
You are immune to sickness and miasma.
You are immune to poison.
Your flesh is very heat resistant. (rF++)
You are vulnerable to cold. (rC-)
You float through the air rather than walking.
You learn spells naturally, not from books.
Your magical power is your life essence.
You have superior vitality. (+4 MHP)


Message History

Your icy armour will break if you move.
Continue?
You blink.
Your icy armour cracks and falls away as you move.
You feel roots moving beneath the ground.
A root smacks you from below!
The swamp worm fires a harpoon shot at you.
The harpoon shot hits you!
You are yanked forward by the harpoon shot.
The spriggan druid festers in the toxic bog!
The spriggan druid looks as sick as possible!
The spriggan druid points at you and mumbles some strange words.
You block the stone arrow.
You miss the spriggan druid.
The forest calms down.
The spriggan druid is almost dead.
Unknown command.
Unknown command.
You hit the spriggan druid.
The spriggan druid is almost dead.
The swamp worm closely misses you. x2
You miss the spriggan druid.
The spriggan druid is almost dead.
You feel stable enough to blink again.
The spriggan druid festers in the toxic bog!
The spriggan druid looks as sick as possible!
With its final breath, the spriggan druid offers up its power to the beasts of the wild!
The four-headed hydra is healed.
The swamp worm seems to grow more fierce. x2
The four-headed hydra seems to grow more fierce.
You kill the spriggan druid!
You blink.
The four-headed hydra festers in the toxic bog.
The four-headed hydra is poisoned.
Your noxious spew wanes.
You feel stable enough to blink again. The swamp worm bites you!!
* * * LOW HITPOINT WARNING * * *
The swamp worm attacks as you move away!
The swamp worm barely misses you.
The swamp worm fires a harpoon shot at you.
The harpoon shot hits you!
You die...

.....~~.....♣.~.♣♣.....~~.#.
....~~~~~...~~.♣♣♣♣.~)....#
~~.~~~...~~~.~~R..~...§~..#
~~÷~~~#~♣♣##♣#~♣♣#♣♣♣♣♣~.~#####.
~~~~~~♣♣♣...........♣♣#~~~~.:...
~.~§.~♣♣.###########.♣#~~~~~....
<.[~~~♣ ..⌠....'..♣~~~~~.♣.♣
.[.§~.#♣.###########.♣#~~~~.~♣ .
††.~..♣ ♣.......@...♣♣#~~†[..♣
#~~~~♣♣ #♣♣#♣♣w♣♣###♣ ♣♣♣#♣♣#.♣
§~~.~♣ ♣♣♣≈D≈♣♣♣ ~♣ ~♣~.~~♣
♣~≈†≈)≈§♣ ♣ ♣♣♣.♣♣♣ ♣~≈~≈~≈~≈~♣♣
♣ .♣ ♣~≈~♣♣♣♣♣~≈~♣ ♣ ..
♣~≈~♣..~..♣~≈~♣ ♣ .. ♣≈~♣ ##~
#.♣~≈♣ ♣y ≈~≈ #.♣≈~≈#


You could see a swamp worm (strong).

Vanquished Creatures
  Gastronok (Lair:3)
  A fenstrider witch (Swamp:2)
  An eleionoma (Swamp:2)
  2 dire elephants (Lair:5)
  A bunyip (Swamp:2)
  A minotaur (Gauntlet)
  9 hydras
  A boulder beetle (Lair:5)
  A two-headed ogre (D:11)
  4 death yaks
  The ghost of gressup the Spear-Bearer, a novice MeEE of Nemelex Xobeh (D:8)
  A centaur warrior (D:13)
  3 alligators
  An orc high priest (Orc:2)
  2 goliath frogs
  A bog body (Swamp:2)
  Pikel (D:5)
  2 spriggan druids (Swamp:2)
  A swamp dragon (Swamp:1)
  2 orc knights
  4 orc sorcerers
  An oklob plant (Lair:5)
  2 necromancers (Lair:5)
  A will-o-the-wisp (Swamp:2)
  2 cyclopes (D:12)
  A manticore (D:12)
  10 elephants
  A guardian serpent (Lair:3)
  2 black mambas
  2 torpor snails
  A gargoyle (D:8)
  6 cane toads
  An efreet (D:13)
  2 rime drakes
  5 komodo dragons
  A kobold demonologist (D:11)
  2 trolls (Orc:2)
  3 meliai (Lair:4)
  6 hornets
  2 polar bears
  5 blink frogs (Lair:2)
  A tyrant leech (Swamp:2)
  2 dream sheep (Lair:3)
  A spectral elephant (Lair:5)
  8 spriggans
  4 hogs (D:13)
  4 wyverns
  31 yaks
  A basilisk (Lair:2)
  4 vampire mosquitoes
  3 redbacks (Gauntlet)
  2 wargs
  2 death yak simulacra (Lair:5)
  2 steam dragons
  7 swamp worms
  3 nagas (Lair:3)
  An acid dragon (D:5)
  9 water moccasins
  2 sky beasts (D:7)
  Pargi (D:4)
  17 orc warriors
  2 swamp drakes
  2 ice beasts
  3 black bears
  An elephant zombie (Lair:5)
  7 ogres
  8 wolves
  3 centaurs
  A lemure (D:5)
  An elephant skeleton (Lair:5)
  2 phantoms
  4 kobold brigands
  7 bullfrogs
  3 scorpions
  A cane toad simulacrum (Lair:5)
  A gnoll sergeant (D:10)
  2 wights (D:10)
  28 killer bees
  2 elephant simulacra (Lair:5)
  3 electric eels
  5 howler monkeys
  A lava snake (D:8)
  A jelly (D:6)
  A hound (D:6)
  19 orc priests
  4 iguanas
  Ijyb (D:4)
  17 orc wizards
  2 hell rats (Lair:1)
  A merfolk siren (Sewer)
  A merfolk avatar (Sewer)
  Robin (D:4)
  5 mummies (Ossuary)
  10 gnolls
  2 river rats (Sewer)
  16 adders
  A white imp (D:5)
  An ufetubus (D:4)
  A worm (D:4)
  2 dart slugs (D:1)
  66 orcs
  7 bats
  9 endoplasms
  6 giant cockroaches
  18 goblins
  12 hobgoblins
  4 jackals (D:2)
  7 quokkas
  9 ball pythons
  4 frilled lizards
  18 kobolds
  A kobold zombie (Ossuary)
  2 orc zombies (Ossuary)
  31 rats
  10 bushes
579 creatures vanquished.

Vanquished Creatures (collateral kills)
  Kirke (D:13)
  2 eleionomae
  2 bunyips (Swamp:2)
  3 dire elephants (Lair:5)
  The ghost of Zaegoraum the Carver, a journeyman DsAK of Lugonu (Lair:4)
  4 boulder beetles
  2 two-headed ogres
  3 hydras
  A ghost crab (Gauntlet)
  An alligator (Swamp:1)
  5 death yaks
  The ghost of Qyradup the Thaumaturge, a journeyman DECj of Vehumet (Lair:1)
  Urug (Lair:5)
  The ghost of snackwell the Grappler, a novice TrGl of Nemelex Xobeh (D:8)
  A spriggan (Swamp:2)
  The ghost of freelancePsychic the Skirmisher, a novice DsHu of Okawaru (D:8)
  A spectral anaconda (Lair:5)
  A spectral death yak (Lair:5)
  3 swamp dragons (Swamp:2)
  A steelbarb worm (shapeshifter) (D:13)
  A spriggan druid (Swamp:2)
  A bog body (Swamp:1)
  A necromancer (Lair:5)
  A will-o-the-wisp (Swamp:1)
  A manticore (D:13)
  A moth of wrath (Gauntlet)
  An orc sorcerer (Orc:2)
  4 black mambas
  A gargoyle (D:12)
  10 elephants
  2 unseen horrors (D:11)
  8 cane toads
  A dire elephant skeleton (Lair:5)
  A rime drake (Lair:3)
  2 kobold demonologists (D:11)
  A komodo dragon (Lair:1)
  A queen bee (Lair:4)
  2 trolls
  2 polar bears
  A bloated husk (Swamp:2)
  3 tyrant leeches
  2 blink frogs (Lair:2)
  3 hornets
  21 yaks
  A wyvern (Lair:3)
  A wraith (D:13)
  A dire elephant simulacrum (Lair:5)
  A death yak simulacrum (Lair:5)
  A basilisk (Lair:1)
  3 steam dragons
  2 vampire mosquitoes
  2 swamp worms
  2 nagas (Lair:3)
  A warg (Orc:1)
  8 water moccasins
  A sky beast (D:8)
  An ice beast (D:5)
  18 orc warriors
  2 ogres
  8 centaurs (Bailey)
  5 wolves
  A kobold brigand (D:9)
  6 bullfrogs
  A gnoll sergeant (D:11)
  3 wights (D:10)
  An elephant simulacrum (Lair:5)
  4 killer bees
  An electric eel (D:8)
  3 hounds (D:5)
  2 jellies
  A gnoll bouda (D:9)
  9 orc priests
  2 iguanas
  19 orc wizards
  2 hell rats (Lair:1)
  3 mummies (Ossuary)
  A gnoll (D:9)
  An adder (D:5)
  A shadow imp (D:8)
  An ufetubus (D:6)
  A dart slug (D:4)
  43 orcs
  A hobgoblin zombie (Ossuary)
  9 kobolds
  2 kobold zombies (Ossuary)
  2 orc zombies (Ossuary)
286 creatures vanquished.

Vanquished Creatures (others)
  A bloated husk (Swamp:2)
  25 battlemagi
  3 ancestors
  5 bushes (Lair:2)
  55 fungi
  72 plants
  36 withered plants
197 creatures vanquished.

Grand Total: 1062 creatures vanquished

Notes
Turn   | Place    | Note
-------+----------+-------------------------------------------
     0 | D:1      | LustLizard the Djinni Ice Elementalist began the quest for
                  | the Orb.
     0 | D:1      | LustLizard set off with the following spells memorised:
                  | Freeze, Frozen Ramparts, Ozocubu's Armour, Hailstorm.
     0 | D:1      | Reached XP level 1. HP: 15/15 MP: 0/0
   446 | D:1      | Reached XP level 2. HP: 8/21 MP: 0/0
   657 | D:1      | Found a faded altar of an unknown god.
  1276 | D:1      | Reached XP level 3. HP: 24/25 MP: 0/0
  1276 | D:1      | Learned a level 1 spell: Apportation
  2453 | D:2      | Reached XP level 4. HP: 31/31 MP: 0/0
  3132 | D:3      | Noticed a steam dragon
  3161 | D:3      | Found an ornate altar of the Wu Jian Council.
  3162 | D:3      | Found a hazy altar of Hepliaklqana.
  3162 | D:3      | Found a sparkling altar of Nemelex Xobeh.
  3168 | D:3      | Became a worshipper of Hepliaklqana the Forgotten
  3211 | D:3      | Reached XP level 5. HP: 32/35 MP: 0/0
  3211 | D:3      | Learned a level 2 spell: Ensorcelled Hibernation
  3287 | D:3      | Found a glowing drain.
  3309 | D:3      | Reached skill level 1 in Shields
  3406 | Sewer    | Entered a sewer
  3644 | Sewer    | Reached XP level 6. HP: 29/40 MP: 0/0
  5228 | D:4      | Noticed Ijyb
  5239 | D:4      | Killed Ijyb
  5333 | D:4      | Noticed Robin
  5343 | D:4      | Reached XP level 7. HP: 33/45 MP: 0/0
  5343 | D:4      | Learned a level 3 spell: Call Canine Familiar
  5354 | D:4      | Killed Robin
  5562 | D:4      | Reached skill level 1 in Invocations
  5621 | D:4      | Reached skill level 5 in Spellcasting
  5621 | D:4      | Reached skill level 1 in Evocations
  5671 | D:4      | Found a sand-covered staircase.
  5676 | Ossuary  | Entered an ossuary
  5995 | D:4      | Noticed Pargi
  6005 | D:4      | Killed Pargi
  6006 | D:4      | Reached XP level 8. HP: 42/50 MP: 0/0
  6009 | D:4      | Reached skill level 1 in Throwing
  6240 | D:4      | Reached * piety under Hepliaklqana
  6240 | D:4      | You are sucked into a shaft and drop 3 floors!
  6403 | D:7      | Noticed a two-headed ogre
  6855 | D:7      | Identified the +3 robe of the Engineer {rElec}
  7024 | D:7      | Identified the +4 ring mail "Zasixena" {rElec Regen+ Int-2}
  7158 | D:7      | Reached XP level 9. HP: 43/49 MP: 0/0
  7158 | D:7      | Learned a level 4 spell: Corpse Rot
  7397 | D:5      | Entered Level 5 of the Dungeon
  7408 | D:5      | Found Kiel Mir's Assorted Antiques.
  7416 | D:5      | Bought a puce potion for 20 gold pieces
  7416 | D:5      | Bought a scroll of identify for 46 gold pieces
  7417 | D:5      | Noticed Pikel
  7430 | D:5      | Killed Pikel
  7431 | D:5      | Reached skill level 5 in Invocations
  7431 | D:5      | Reached skill level 5 in Evocations
  7562 | D:4      | Found Desh's Book Shop.
  8168 | D:3      | Reached XP level 10. HP: 52/54 MP: 0/0
  8286 | D:5      | Reached ** piety under Hepliaklqana
  8287 | D:5      | Remembered your ancestor Cynebald as a battlemage
  8309 | D:5      | Identified the +0 hand axe "Haivuev" {vorpal, rElec Will+
                  | rCorr Int-5 Dex+3}
  8931 | D:5      | Found a staircase to the Ecumenical Temple.
  9148 | D:6      | Found Uluo's Magic Scroll Shoppe.
  9237 | D:6      | Found Royduv's Mayhem Merchandise.
  9687 | D:7      | Killed a two-headed ogre
  9740 | D:8      | Found a staircase to the Lair.
  9865 | D:6      | Bought a scroll of acquirement for 572 gold pieces
  9865 | D:6      | Acquired a +7 quick blade
  9868 | D:6      | Acquired the ring "Qikofuilep" {Contam +Blink rElec Dex+6}
  9871 | D:6      | Acquired the +3 buckler "Siustrain" {Drain rF+ rC+++ Int+3}
  9966 | D:8      | Reached skill level 1 in Short Blades
  9970 | D:8      | Reached XP level 11. HP: 54/58 MP: 0/0
  9970 | D:8      | Learned a level 5 spell: Fireball
  9983 | D:8      | Found a flagged portal.
  9994 | Bailey   | Entered a bailey
 10440 | Bailey   | Identified the +3 short sword of the Illusory Runes
                  | {vorpal, rPois}
 10953 | D:8      | Found a sacrificial altar of Ru.
 10956 | D:8      | Found a bloodstained altar of Trog.
 10959 | D:8      | Found a hide-covered altar of Uskayaw.
 11011 | D:8      | Found a runed translucent gate.
 11012 | D:8      | Found a runed translucent gate.
 11012 | D:8      | Found a runed translucent gate.
 11013 | D:8      | Noticed snackwell's ghost (novice TrGl)
 11053 | D:8      | Noticed freelancePsychic's ghost (novice DsHu)
 11053 | D:8      | Noticed gressup's ghost (novice MeEE)
 11149 | D:8      | Noticed a two-headed ogre
 11161 | D:8      | Killed a two-headed ogre
 11533 | D:9      | Reached *** piety under Hepliaklqana
 11829 | D:9      | Noticed a centaur warrior
 11829 | D:9      | Noticed a white ugly thing
 12016 | D:10     | Entered Level 10 of the Dungeon
 12140 | D:10     | Reached XP level 12. HP: 34/63 MP: 0/0
 12231 | D:10     | Found Atu Qae's Distillery.
 12373 | D:10     | Found a staircase to the Orcish Mines.
 12463 | D:10     | Identified the +6 short sword of a treasure trove {freeze,
                  | Str+2}
 12869 | D:11     | Noticed a two-headed ogre
 12874 | D:11     | Killed a two-headed ogre
 12875 | D:11     | Reached skill level 5 in Short Blades
 12903 | D:11     | Noticed a sun demon
 12939 | D:11     | Found a gate leading to a gauntlet.
 12949 | Gauntlet | Entered a Gauntlet
 12949 | Gauntlet | Found a transporter.
 12958 | Gauntlet | Found a transporter.
 12980 | Gauntlet | Found a transporter.
 12984 | Gauntlet | Found a transporter.
 12984 | Gauntlet | Noticed a ghost crab
 13001 | Gauntlet | Found a transporter.
 13011 | Gauntlet | Noticed a ghost crab
 13014 | Gauntlet | Found a transporter.
 13017 | Gauntlet | Reached **** piety under Hepliaklqana
 13028 | Gauntlet | Found a transporter.
 13050 | Gauntlet | Noticed a green death
 13057 | Gauntlet | Found a transporter.
 13057 | Gauntlet | Found a transporter.
 13058 | Gauntlet | Noticed a quicksilver ooze
 13062 | Gauntlet | Found a transporter.
 13095 | Gauntlet | Found a transporter.
 13095 | Gauntlet | Found a transporter.
 13203 | Gauntlet | Identified the +1 pair of gloves of the Dungeon {*Slow
                  | Will+ Str+3 Stlth+}
 13220 | Gauntlet | Killed a ghost crab
 13307 | Gauntlet | Identified the +4 broad axe of Dismemberment {flame, Int+4}
 13307 | Gauntlet | Noticed a minotaur
 13321 | Gauntlet | Killed a minotaur
 13362 | Gauntlet | Identified the +7 dagger "Yxav" {freeze, rC- Str+6 Dex+4}
 13362 | Gauntlet | Identified the +2 ring mail "Zovos" {Dex+2}
 13420 | D:11     | Noticed a four-headed hydra
 13441 | D:11     | Killed a four-headed hydra
 13449 | D:11     | Reached skill level 10 in Invocations
 13449 | D:11     | Reached skill level 10 in Evocations
 13906 | Lair:1   | Entered Level 1 of the Lair of Beasts
 13923 | Lair:1   | Found a runed translucent door.
 13928 | Lair:1   | Identified the +4 trident "Verur" {vamp, Fly Will++ Int-5}
 13929 | Lair:1   | Noticed Qyradup's ghost (journeyman DECj)
 14163 | Lair:1   | Reached XP level 13. HP: 58/67 MP: 0/0
 14163 | Lair:1   | Learned a level 5 spell: Alistair's Intoxication
 15225 | D:8      | Killed gressup's ghost
 15225 | D:8      | Killed freelancePsychic's ghost
 15227 | D:8      | Killed snackwell's ghost
 15344 | D:12     | Reached ***** piety under Hepliaklqana
 15440 | Lair:1   | Killed Qyradup's ghost
 15522 | Lair:2   | Noticed a six-headed hydra
 15573 | Lair:2   | Noticed a boulder beetle
 15585 | Lair:2   | Killed a boulder beetle
 15703 | Lair:2   | Reached skill level 10 in Spellcasting
 16237 | Lair:2   | Found a staircase to the Swamp.
 16253 | Lair:2   | Noticed a six-headed hydra
 16754 | Lair:3   | Noticed a boulder beetle
 16760 | Lair:3   | Killed a boulder beetle
 16761 | Lair:3   | Reached XP level 14. HP: 59/72 MP: 0/0
 16987 | Lair:3   | Found a staircase to the Snake Pit.
 17007 | Lair:3   | Noticed Gastronok
 17376 | Lair:3   | Killed Gastronok
 17507 | Lair:3   | Found the +3 pair of seven-league boots {Rampage+∞}
 18183 | Lair:4   | Found a runed translucent door.
 18183 | Lair:4   | Noticed Zaegoraum's ghost (journeyman DsAK)
 18261 | Lair:4   | Killed Zaegoraum's ghost
 18293 | Lair:4   | Identified the +9 battleaxe "Comirph" {vorpal, Fly rN+
                  | Dex+3}
 18327 | Lair:4   | Identified the +1 robe "Izoi" {rC+ Dex+5}
 18407 | Lair:4   | Reached ****** piety under Hepliaklqana
 19050 | Lair:4   | Found a viscous altar of Jiyva.
 19103 | Lair:5   | Entered Level 5 of the Lair of Beasts
 19121 | Lair:5   | Reached XP level 15. HP: 76/76 MP: 0/0
 19121 | Lair:5   | Learned a level 6 spell: Starburst
 19424 | Lair:5   | Reached skill level 1 in Fighting
 19439 | Lair:5   | Reached skill level 5 in Shields
 19532 | Lair:5   | Noticed Urug
 20840 | Lair:5   | Killed Urug
 20868 | Lair:5   | Identified the ring of Light {rF+ rN+ EV+4 Stlth+}
 21284 | Orc:1    | Entered Level 1 of the Orcish Mines
 21658 | Orc:2    | Entered Level 2 of the Orcish Mines
 21798 | Orc:2    | Reached XP level 16. HP: 53/87 MP: 0/0
 21975 | Orc:2    | Found a staircase to the Elven Halls.
 22126 | Orc:2    | Found Biricera's Antique Armour Emporium.
 22126 | Orc:2    | Found Pajepuwk's Jewellery Emporium.
 22127 | Orc:2    | Found Akhlao Fees's Book Shoppe.
 22131 | Orc:2    | Found Xocles's Antique Armour Shoppe.
 22457 | D:12     | Found Kinatil's Book Emporium.
 22545 | D:12     | Found a runed translucent gate.
 22546 | D:12     | Found a runed translucent gate.
 22547 | D:12     | Found a runed translucent gate.
 22548 | D:12     | Noticed Bigduke14's ghost (journeyman DjCj)
 22917 | D:12     | Identified the +1 falchion "Giantslayer" {drain, *Rage
                  | rElec MP+9 Dex+9}
 23306 | D:13     | Identified the +1 leather armour of the Ego {rElec Int+3
                  | Dex+4 Slay+2}
 23607 | D:13     | Noticed Kirke
 23611 | D:13     | Killed Kirke
 24150 | Swamp:1  | Entered Level 1 of the Swamp
 24819 | Swamp:2  | Noticed a fenstrider witch
 24824 | Swamp:2  | Killed a fenstrider witch
 25040 | Swamp:2  | Reached skill level 10 in Shields
 25209 | Swamp:2  | Reached XP level 17. HP: 93/94 MP: 0/0
 25209 | Swamp:2  | Learned a level 6 spell: Eringya's Noxious Bog
 25262 | Swamp:2  | Identified the +4 mace of Raehus {freeze, rF+ Will- Str+4
                  | Dex+3}
 25287 | Swamp:2  | Killed from afar by a swamp worm

Illustrated notes

Levels and vault maps discovered:
D:1:      elethiomel_arrival_maze, layout_basic, ebering_ecumenical_altar_rust
D:2:      layout_basic, minmay_misc_feat_rows, kennysheep_generic_room_7
D:3:      layout_basic, chequers_temple_overflow_statue_of_worship,
          gup_sewer_entry_glass, lightli_corner_chamber
D:4:      layout_loops_corners, mainiacjoe_overflow_concentric_impassable,
          nicolae_ossuary_entry_false_entrances, serial_shops, shop, uniq_ijyb,
          uniq_robin, uniq_pargi
D:5:      layout_basic, minmay_temple_entry_nine_rooms, serial_shops, shop,
          chequers_serial_rivers_micro_b, corexii_hall_statues_l, uniq_pikel
D:6:      layout_rooms, serial_shops, shop, corexii_item_surrounded_by_moat,
          minmay_shop_mayhem
D:7:      layout_loops_ring, minivault_25
D:8:      layout_cave_pools, grunt_temple_overflow_cloverleaf, lair_entry_dummy,
          gammafunk_ghost_cemetery, enter_bailey_2, kennysheep_pointless_box,
          kennysheep_diamond
D:9:      layout_basic, grunt_tough_drop
D:10:     layout_loops_ring, minmay_orc_entry_temple_small, serial_shops,
          nicolae_shop_waterfront, nrook_loot_triangle
D:11:     layout_small_grid, gauntlet_entry_generic
D:12:     layout_long_grid, ebering_ghost_rock_garden, serial_shops, shop
D:13:     layout_cave_pods, special_room [special_room_orc], uniq_kirke
Lair:1:   statuecave_lemuel, layout_regular_city, ebering_ghost_funeral_grove,
          minivault_19, grunt_megastairs_2
Lair:2:   layout_gridlike, minmay_swamp_entry_worms, minivault_26,
          dreamdust_mushroom_princess, minmay_hedge_maze, st_stairs_8
Lair:3:   layout_chaotic_city, minmay_snake_entry_guardpost_medium,
          serial_bayou_ford_a, hellmonk_guarded_unrand_seven_league_boots,
          grunt_megastairs_1, uniq_gastronok
Lair:4:   layout_roguey [special_room_bee], minmay_slime_entry_oklob_enclosed,
          gammafunk_ghost_grave
Lair:5:   due_jungle_book, layout_regular_city, minmay_lair_oklob_items,
          uniq_urug
Swamp:1:  layout_basic_swamp, nicolae_swamp_round_clearing
Swamp:2:  nzn_winding_woodlands_cross [nzn_winding_woodlands_5x15_longhouse,
          nzn_winding_woodlands_5x15_garden, nzn_winding_woodlands_5x15_pool,
          nzn_winding_woodlands_5x15_eye,
          nzn_winding_woodlands_15x15_witchcraft], layout_basic_swamp,
          serial_swamp_ruin, evilmike_swamp_ruin_house_4,
          evilmike_swamp_ruin_house_6, hangedman_swamp_ruin_wall, swamp_pool2
Orc:1:    layout_caves, special_room [special_room_kobold]
Orc:2:    st_orc_mages, layout_caves, mines2_david

Skill      XL: |  1  2  3  4  5  6  7  8  9 10 11 12 13 14 15 16 |
---------------+-------------------------------------------------+-----
Stealth        | 2 3 4 |  4.0
Spellcasting   | 4 5 6 7 8 9 10 11 12 | 12.5
Shields        | 1 2 3 4 7 10 | 10.3
Invocations    | 2 3 5 7 8 10 11 13 14 | 14.7
Evocations     | 2 3 5 7 8 10 11 13 14 | 14.7
Throwing       | 1 3 |  3.0
Short Blades   | 1 4 6 7 8 |  8.6
Fighting       | 3 4 |  4.5
Dodging        | |  2.1

Action                   |  1- 3 |  4- 6 |  7- 9 | 10-12 | 13-15 | 16-18 || total
-------------------------+-------+-------+-------+-------+-------+-------++-------
Melee: Whip              |    15 |       |       |       |       |       ||    15
       Dagger            |     5 |   120 |   113 |    71 |       |       ||   309
       Quick blade       |       |       |       |   162 |   350 |   173 ||   685
Throw: Dart              |     3 |    19 |     2 |       |    25 |       ||    49
       Boomerang         |       |    18 |    12 |       |       |       ||    30
 Cast: Freeze            |    55 |    17 |    28 |    28 |     7 |     3 ||   138
       Frozen Ramparts   |     1 |    16 |    19 |    37 |     8 |       ||    81
       Apportation       |     1 |       |       |       |       |       ||     1
       Ozocubu's Armour  |       |     5 |     7 |    20 |    23 |     3 ||    58
       Ensorcelled Hiber |       |     1 |     4 |       |     3 |       ||     8
       Call Canine Famil |       |       |    11 |    12 |    12 |     1 ||    36
       Fireball          |       |       |       |    39 |   173 |    67 ||   279
       Hailstorm         |       |       |       |    15 |    49 |     3 ||    67
       Alistair's Intoxi |       |       |       |       |    15 |     2 ||    17
       Starburst         |       |       |       |       |    55 |    50 ||   105
       Eringya's Noxious |       |       |       |       |       |     1 ||     1
Invok: Recall Ancestor   |       |       |     1 |     2 |    14 |     2 ||    19
       Ancestor Life: Ba |       |       |       |     1 |       |       ||     1
       Idealise          |       |       |       |       |     2 |       ||     2
 Abil: Evoke Blink       |       |       |       |     3 |     4 |     3 ||    10
Evoke: Wand              |       |       |       |     8 |       |       ||     8
  Use: Scroll            |       |     2 |     7 |    21 |     7 |     2 ||    39
       Potion            |       |       |       |     4 |     3 |       ||     7
 Stab: Sleeping          |     1 |     9 |     3 |     3 |     2 |     2 ||    20
       Distracted        |       |       |       |     5 |     6 |       ||    11
       Confused          |       |       |       |       |     2 |       ||     2
Armor: Robe              |     6 |     6 |     4 |       |       |       ||    16
       Leather armour    |       |     5 |     1 |       |       |       ||     6
       Animal skin       |       |       |     8 |       |       |       ||     8
       Steam dragon scal |       |       |     1 |       |       |       ||     1
       Ring mail         |       |       |    10 |    86 |    89 |    46 ||   231
Dodge: Dodged            |    37 |    65 |    75 |   137 |    75 |    53 ||   442
Block: Buckler           |       |    15 |    28 |   121 |    97 |    51 ||   312
       Reflection        |       |       |       |       |     3 |     3 ||     6
